 Dungeon Crawl Stone Soup version 0.18.1-48-g4cf74bf (webtiles) character file.

14506 Gargoyl the Protected (level 11, 0/87 HPs)
             Began as a Demonspawn Abyssal Knight on July 13, 2016.
             Was a High Priest of Lugonu.
             Slain by Snorg (16 damage)
             ... on level 1 of the Orcish Mines on July 15, 2016.
             The game lasted 00:38:16 (16402 turns).

Gargoyl the Protected (Demonspawn Abyssal Knight)  Turns: 16402, Time: 00:38:16

Health: 0/87       AC: 22    Str: 21    XL:     11   Next: 89%
Magic:  17/17      EV: 11    Int: 13    God:    Lugonu [*****.]
Gold:   627        SH:  5    Dex: 14    Spells: 0 memorised, 10 levels left

rFire  + . .     SeeInvis .     w - +1 war axe (flame)
rCold  . . .     Gourm    .     v - +1 chain mail
rNeg   . . .     Faith    .     H - +0 buckler
rPois  +         Spirit   .     J - +1 hat {MR+}
rElec  +         Dismiss  .     C - +1 cloak
rCorr  .         Reflect  .     m - +2 pair of gloves
SustAt .         Harm     .     (no boots)
MR     +....     Clarity  +     (no amulet)
Stlth  ..........               M - +6 ring of strength
                                D - ring of poison resistance

@: somewhat resistant to hostile enchantments, extremely unstealthy
A: antennae 1, talons 1, yellow scales 2, clarity, demonic guardian 2, fire
resistance 1, high mp 1, electricity resistance
a: Depart the Abyss, Bend Space, Banish, Corrupt, Enter the Abyss, Renounce
Religion


You were on level 1 of the Orcish Mines.
You worshipped Lugonu.
Lugonu was extremely pleased with you.
You were not hungry.

You visited 2 branches of the dungeon, and saw 13 of its levels.
You visited the Abyss 1 time.
You also visited: Sewer.

You collected 627 gold pieces.

Inventory:

Hand Weapons
 h - a +0 blowgun
 w - a +1 war axe of flaming (weapon)
Missiles
 i - 20 tomahawks (quivered)
 k - 65 poisoned needles
 t - 8 javelins
Armour
 m - a +2 pair of gloves (worn)
 v - a +1 chain mail (worn)
 C - a +1 cloak (worn)
 H - a +0 buckler (worn)
 J - a +1 hat of magic resistance (worn)
Jewellery
 g - a +5 ring of dexterity
 D - a ring of poison resistance (left hand)
 M - a +6 ring of strength (right hand)
Wands
 d - a wand of iceblast (8/15)
 f - a wand of lightning (7/15)
 p - a wand of polymorph (2/24)
 q - a wand of random effects (43/48)
 y - a wand of polymorph (2/24)
 z - a wand of lightning (9/15)
 B - a wand of enslavement (12/24)
 L - a wand of flame (24/48)
 P - a wand of digging (3/24)
Scrolls
 b - 3 scrolls of remove curse
 l - a scroll of enchant armour
 x - 4 scrolls of identify
 I - a scroll of fog
Potions
 a - 2 potions of flight
 e - a potion of might
 o - 2 potions of brilliance
Books
 n - a book of Unlife

   Spells                             Type                      Level
   a - Recall                         Summoning/Translocation      3
   b - Animate Dead                   Necromancy                   4
   c - Control Undead                 Necromancy                   4
   d - Cigotuvi's Embrace             Necromancy                   5
   e - Death Channel                  Necromancy                   6
   f - Simulacrum                     Ice/Necromancy               6
 u - a book of Debilitation

   Spells                             Type                      Level
   a - Corona                         Hexes                        1
   b - Slow                           Hexes                        2
   c - Gell's Gravitas                Hexes/Translocation          3
   d - Inner Flame                    Hexes/Fire                   3
   e - Cause Fear                     Hexes                        4
   f - Leda's Liquefaction            Hexes/Earth                  4
 A - a Grand Grimoire

   Spells                             Type                      Level
   a - Monstrous Menagerie            Summoning                    7
   b - Summon Greater Demon           Summoning                    7
   c - Malign Gateway                 Summoning/Translocation      7
   d - Summon Horrible Things         Summoning                    8
 N - a book of Misfortune

   Spells                             Type                      Level
   a - Confusing Touch                Hexes                        2
   b - Confuse                        Hexes                        3
   c - Gell's Gravitas                Hexes/Translocation          3
   d - Petrify                        Transmutation/Earth          4
   e - Metabolic Englaciation         Hexes/Ice                    5
   f - Yara's Violent Unravelling     Hexes/Transmutation          5
Comestibles
 c - 6 bread rations
 j - 2 slices of pizza
 r - a meat ration
 s - a beef jerky
 E - 4 fruits
 F - 12 royal jellies


   Skills:
 + Level 8.8 Fighting
 + Level 9.1 Axes
 + Level 1.4 Throwing
 * Level 10.6 Armour
 + Level 6.1 Dodging
 + Level 2.3 Stealth
 + Level 2.9 Shields
 + Level 6.4 Invocations


You had 10 spell levels left.
You didn't know any spells.

Dungeon Overview and Level Annotations

Branches:
Dungeon (12/15)            Temple (0/1) D:6            Lair (0/8) D:9
    Orc (1/2) D:11

Altars:
Ashenzari
Cheibriados
Elyvilon
Gozag
Nemelex Xobeh
Ru
Trog
The Shining One

Shops:
D:10 (   D:11 [

Annotations:
Orc:1 Snorg


Innate Abilities, Weirdness & Mutations

You have sharp toenails.
You are mostly covered in yellow scales (AC +3).
A demonic guardian rushes to your aid.
Your flesh is heat resistant.
You have a pair of small antennae on your head.
You possess an exceptional clarity of mind.
You have an increased reservoir of magic (+10% MP).
You are resistant to electric shocks.


Message History

Snorg bites you! Snorg claws you but does no damage. Snorg barely misses you.
Your sun demon hits Snorg!!
Snorg is engulfed in flames!!
Snorg bites you.
Snorg claws you but does no damage. x2; Your smoke demon hits Snorg.
Your smoke demon closely misses Snorg.
Your smoke demon barely misses Snorg.
Unknown command.
You closely miss Snorg. Your kick misses Snorg.
Snorg is heavily wounded.
Snorg bites you. Snorg claws you. Snorg claws you but does no damage.
Your sun demon hits Snorg!
Snorg is engulfed in flames!
Your smoke demon hits Snorg!
Your smoke demon closely misses Snorg.
Your smoke demon barely misses Snorg.
Unknown command.
Your chain mail prevents you from hitting Snorg.
You claw Snorg, but do no damage.
Snorg is severely wounded.
Your sun demon disappears in a puff of smoke!
Snorg bites you!! Snorg claws you but does no damage. Snorg claws you!
* * * LOW HITPOINT WARNING * * *
Snorg bites you!
You die...

#.###........#
...#.........#.
#$...$......^..
#..............
........$......
...............
...............
......>@...#...
.......)T3.....
...#.......#...
. #....)).....
.........).....
.....#.........
......#........
##.#.#......$..
.$. # .........


You could see Snorg (berserk) and a friendly smoke demon.

Vanquished Creatures
  Gastronok (D:9)
  An unseen horror (D:10)
  3 hill giants
  A deep elf mage (D:12)
  A gargoyle (D:12)
  2 trolls
  Grinder (D:3)
  A two-headed ogre (D:11)
  5 slime creatures (D:12)
  3 wraiths
  3 hippogriffs
  A basilisk (D:12)
  2 water moccasins
  5 sky beasts
  A black bear (D:12)
  3 orc warriors
  5 ogres
  A wasp (D:7)
  4 centaurs
  6 big kobolds
  2 giant frogs (D:8)
  7 killer bees
  8 wights
  2 howler monkeys
  7 crimson imps
  A quasit (D:11)
  7 hounds
  3 jellies (D:8)
  5 orc priests
  10 orc wizards
  3 giant frog skeletons
  4 iguanas
  13 worker ants
  2 sheep (D:11)
  2 hound zombies
  7 gnolls
  17 adders
  2 river rats (Sewer)
  4 shadow imps
  9 oozes
  5 worms
  5 dart slugs
  4 giant geckos
  35 orcs
  12 bats
  2 giant cockroaches
  7 goblins
  10 hobgoblins
  14 jackals
  28 kobolds
  7 quokkas
  4 ball pythons (Sewer)
  4 giant newts
  9 rats
311 creatures vanquished.

Vanquished Creatures (collateral kills)
  A hydra (D:10)
  An ugly thing (D:11)
  A cyclops (D:11)
  A manticore (D:11)
  A centaur zombie (D:11)
  An elephant (D:9)
  The ghost of Tagedieb the Covert, a novice SpEn of Nemelex Xobeh (D:7)
  A kobold demonologist (D:12)
  A troll (D:9)
  The ghost of Gargoyl the Skirmisher, an amateur DsAK of Lugonu (D:4)
  A two-headed ogre (D:10)
  A slime creature (D:12)
  A vampire (D:12)
  6 yaks
  A water moccasin (D:10)
  Duvessa (D:6)
  A necrophage (D:6)
  An orc warrior (Orc:1)
  A sky beast (D:10)
  2 ogres
  A centaur (D:6)
  A crocodile (D:9)
  Dowan (D:6)
  A killer bee (D:10)
  2 crimson imps
  A hound (D:6)
  An orc priest (D:10)
  An orc wizard (D:10)
  An iguana (D:10)
  2 sheep
  4 gnolls (D:9)
  5 orcs
  3 kobolds (D:12)
50 creatures vanquished.

Vanquished Creatures (others)
  A cyclops (D:12)
  2 hungry ghosts
  3 crimson imps
6 creatures vanquished.

Grand Total: 367 creatures vanquished

Notes
Turn   | Place    | Note
--------------------------------------------------------------
     0 | Abyss:1  | Gargoyl the Demonspawn Abyssal Knight began the quest for the Orb.
     0 | Abyss:1  | Reached XP level 1. HP: 18/18 MP: 2/2
    19 | Abyss:1  | Found a corrupted altar of Lugonu.
    63 | Abyss:1  | Noticed a small abomination
   126 | Abyss:1  | Noticed a starcursed mass
   139 | Abyss:1  | Noticed a large abomination
   154 | Abyss:1  | Noticed a large abomination
   158 | D:1      | Escaped the Abyss
   205 | D:1      | Reached skill level 1 in Dodging
   289 | D:1      | Reached skill level 2 in Armour
   332 | D:1      | Gained mutation: Your flesh is heat resistant. [demonic ancestry]
   332 | D:1      | Reached XP level 2. HP: 21/24 MP: 3/3
   357 | D:1      | Reached * piety under Lugonu
  1011 | D:1      | Gained mutation: A weak demonic guardian rushes to your aid. [demonic ancestry]
  1011 | D:1      | Reached XP level 3. HP: 14/29 MP: 4/4
  1264 | D:2      | Found a bloodstained altar of Trog.
  1430 | D:2      | Gained mutation: You are partially covered in yellow scales (AC +2). [demonic ancestry]
  1430 | D:2      | Reached XP level 4. HP: 34/36 MP: 5/5
  1845 | D:2      | Found a sacrificial altar of Ru.
  1895 | D:2      | Found a shattered altar of Ashenzari.
  1895 | D:2      | Found a glowing golden altar of the Shining One.
  2157 | D:2      | Reached ** piety under Lugonu
  2347 | D:3      | Noticed Grinder
  2403 | D:3      | Killed Grinder
  2403 | D:3      | Reached skill level 3 in Armour
  2403 | D:3      | Gained mutation: A demonic guardian rushes to your aid. [demonic ancestry]
  2403 | D:3      | Reached XP level 5. HP: 15/42 MP: 6/6
  2897 | D:3      | Reached XP level 6. HP: 24/48 MP: 7/7
  3889 | D:4      | Noticed Gargoyl's ghost (amateur DsAK)
  3916 | D:4      | Killed Gargoyl's ghost
  3916 | D:4      | Reached skill level 4 in Armour
  4037 | D:4      | Found a snail-covered altar of Cheibriados.
  4176 | D:4      | Reached XP level 7. HP: 47/54 MP: 8/8
  4888 | D:4      | Reached skill level 1 in Stealth
  4990 | D:5      | Entered Level 5 of the Dungeon
  5006 | D:5      | Reached skill level 5 in Armour
  5018 | D:5      | Gained mutation: You have a pair of small antennae on your head. [mutagenic meat]
  5019 | D:5      | Gained mutation: You are resistant to electric shocks. [mutagenic meat]
  5020 | D:5      | Gained mutation: You have sharp fingernails. [mutagenic meat]
  5021 | D:5      | Gained mutation: You have an increased reservoir of magic (+10% MP). [mutagenic meat]
  5366 | D:5      | Found a glowing drain.
  5375 | Sewer    | Entered a sewer
  5440 | Sewer    | Reached *** piety under Lugonu
  6391 | D:5      | Reached XP level 8. HP: 55/61 MP: 10/10
  6584 | D:5      | Reached skill level 5 in Fighting
  6654 | D:5      | Reached skill level 6 in Armour
  6938 | D:6      | Noticed Duvessa
  6941 | D:6      | Noticed Dowan
  6949 | D:6      | Killed Duvessa
  6958 | D:6      | Killed Dowan
  6958 | D:6      | Reached **** piety under Lugonu
  6963 | D:6      | Reached skill level 5 in Axes
  6974 | D:6      | Gained mutation: Your spells are a little harder to cast, but a little more powerful. [mutagenic meat]
  7400 | D:6      | Found a white marble altar of Elyvilon.
  7509 | D:6      | Found a sparkling altar of Nemelex Xobeh.
  7701 | D:6      | Reached skill level 7 in Armour
  7706 | D:6      | Gained mutation: You have large cloven feet. [mutagenic meat]
  7707 | D:6      | Lost mutation: Your spells are a little harder to cast, but a little more powerful. [mutagenic meat]
  7708 | D:6      | Gained mutation: You regenerate slowly when monsters are visible. [mutagenic meat]
  7709 | D:6      | Gained mutation: Your spells are a little harder to cast, but a little more powerful. [mutagenic meat]
  8109 | D:6      | Gained mutation: You are mostly covered in yellow scales (AC +3). [demonic ancestry]
  8109 | D:6      | Reached XP level 9. HP: 68/68 MP: 12/12
  8113 | D:6      | Found a staircase to the Ecumenical Temple.
  8338 | D:7      | Paralysed by a wasp for 1 turns
  8495 | D:7      | Lost mutation: Your spells are a little harder to cast, but a little more powerful. [mutagenic meat]
  8496 | D:7      | Gained mutation: You possess an exceptional clarity of mind. [mutagenic meat]
  8497 | D:7      | Gained mutation: You are dopey. (Int -2) [mutagenic meat]
  8498 | D:7      | Gained mutation: Scrolls take you a little longer to read. [mutagenic meat]
  8700 | D:7      | Noticed Tagedieb's ghost (novice SpEn)
  8705 | D:7      | Killed Tagedieb's ghost
  8971 | D:7      | Reached skill level 8 in Armour
  9448 | D:8      | Found an opulent altar of Gozag.
 10200 | D:9      | Reached ***** piety under Lugonu
 10490 | D:9      | Noticed an elephant
 10490 | D:9      | Found a staircase to the Lair.
 10500 | D:9      | Killed an elephant
 10500 | D:9      | Lost mutation: You have large cloven feet. [demonic ancestry]
 10500 | D:9      | Gained mutation: You have sharp toenails. [demonic ancestry]
 10500 | D:9      | Reached XP level 10. HP: 21/76 MP: 15/15
 10789 | D:9      | Noticed Gastronok
 10832 | D:9      | Noticed a hill giant
 10843 | D:9      | Killed a hill giant
 11066 | D:9      | Killed Gastronok
 11066 | D:9      | Reached skill level 9 in Armour
 11563 | D:9      | Reached skill level 5 in Invocations
 11594 | D:10     | Entered Level 10 of the Dungeon
 11794 | D:10     | Reached skill level 5 in Dodging
 11883 | D:10     | Noticed a six-headed hydra
 11885 | D:10     | Killed a six-headed hydra
 11905 | D:10     | Found Xaasos's Weapon Boutique.
 12324 | D:10     | Noticed a hill giant
 12332 | D:10     | Killed a hill giant
 12338 | D:10     | Found a snail-covered altar of Cheibriados.
 12448 | D:10     | Killed an unseen horror
 12448 | D:10     | Reached skill level 1 in Shields
 12738 | D:10     | Reached XP level 11. HP: 80/85 MP: 16/16
 13395 | D:12     | Lost mutation: You are dopey. (Int -2) [potion of cure mutation]
 13395 | D:12     | Lost mutation: Scrolls take you a little longer to read. [potion of cure mutation]
 13395 | D:12     | Lost mutation: You have sharp fingernails. [potion of cure mutation]
 13395 | D:12     | Lost mutation: You regenerate slowly when monsters are visible. [potion of cure mutation]
 13838 | D:11     | Reached skill level 10 in Armour
 14321 | D:11     | Found Gykkoove's Armour Emporium.
 14323 | D:11     | Found a staircase to the Orcish Mines.
 14402 | D:11     | Noticed a white ugly thing
 14407 | D:11     | Killed a white ugly thing
 14872 | D:12     | Noticed a deep elf mage
 14891 | D:12     | Killed a deep elf mage
 15223 | D:12     | Noticed a hill giant
 15797 | D:12     | Reached skill level 1 in Throwing
 15923 | D:12     | Killed a hill giant
 16387 | Orc:1    | Entered Level 1 of the Orcish Mines
 16392 | Orc:1    | Noticed Snorg
 16402 | Orc:1    | Slain by Snorg

Skill      XL: |  1  2  3  4  5  6  7  8  9 10 11 |
---------------+----------------------------------+-----
Dodging        | 1 2 3 4 5 6 |  6.1
Armour         | 2 3 4 5 7 8 9 10 | 10.6
Axes           | 2 3 4 5 6 7 9 |  9.1
Fighting       | 4 5 6 7 8 |  8.8
Stealth        | 1 2 |  2.3
Invocations    | 3 4 5 6 |  6.4
Shields        | 1 2 |  2.9
Throwing       | 1 |  1.4

Action                   |  1- 3 |  4- 6 |  7- 9 | 10-12 || total
-------------------------+-------+-------+-------+-------++-------
Melee: Hand axe          |   120 |   238 |   580 |       ||   938
       Kick              |       |       |   112 |   220 ||   332
       War axe           |       |       |   209 |   542 ||   751
       Unarmed           |       |       |    16 |       ||    16
Throw: Tomahawk          |       |       |     2 |    11 ||    13
Invok: Depart the Abyss  |     1 |       |       |       ||     1
       Banish            |       |       |     4 |     8 ||    12
  Use: Potion            |       |     3 |     8 |     7 ||    18
       Scroll            |       |       |    15 |    11 ||    26
 Stab: Distracted        |       |     1 |       |     2 ||     3
  Eat: Chunk             |     2 |     4 |    37 |     9 ||    52
       Fruit             |       |     3 |     4 |       ||     7
       Bread ration      |       |     1 |       |       ||     1
       Meat ration       |       |       |       |     3 ||     3
       Royal jelly       |       |       |       |     1 ||     1
Armor: Ring mail         |    73 |    51 |       |       ||   124
       Chain mail        |       |   107 |   514 |   402 ||  1023
       Skin              |       |       |     1 |       ||     1
Dodge: Dodged            |    77 |   129 |   389 |   373 ||   968
Block: Buckler           |       |       |       |   130 ||   130
